 Dungeon Crawl Stone Soup version 0.29-a0-113-g078de9bc30 (webtiles) character file.

Game seed: 1189043422610295229

2732 siradein the Ruffian (level 9, 0/89 HPs)
             Began as a Troll Fighter on Feb 18, 2022.
             Was a Believer of Qazlal.
             Slain by an orc (3 damage)
             ... on level 7 of the Dungeon.
             The game lasted 00:21:44 (6471 turns).

siradein the Ruffian (Troll Fighter)                Turns: 6471, Time: 00:21:44

Health: 0/89       AC:  7    Str: 24    XL:     9   Next: 40%
Magic:  10/10      EV: 10    Int:  4    God:    Qazlal [**....]
Gold:   87         SH: 13    Dex: 13    Spells: 8/8 levels left

rFire   . . .      SeeInvis .     - Unarmed
rCold   . . .      Faith    .   s - +2 kite shield {AC+3}
rNeg    . . .      Spirit   .   a - +0 robe
rPois   .          Reflect  .   (helmet restricted)
rElec   .          Harm     .   (no cloak)
rCorr   .          Rampage  .   (gloves unavailable)
Will    .....                   (boots unavailable)
Stlth   +.........              (no amulet)
HPRegen 1.04/turn               (no ring)
MPRegen 0.12/turn               (no ring)

@: no status effects
A: large, unfitting armour, claws 3, regeneration 1, shaggy fur 1, tough skin 1,
weak 1
a: Renounce Religion, Upheaval


You were on level 7 of the Dungeon.
You worshipped Qazlal.
Qazlal was pleased with you.
You visited 1 branch of the dungeon, and saw 7 of its levels.
You also visited: Sewer.

You collected 303 gold pieces.
You spent 216 gold pieces at shops.

Inventory:

Missiles
 b - 2 throwing nets (quivered)
Armour
 a - a +0 robe (worn)
 s - a +2 kite shield of protection (worn)
Wands
 n - a wand of polymorph (4)
Scrolls
 f - 2 scrolls of teleportation
 j - a scroll of fog
 k - 2 scrolls of blinking
 p - a scroll of torment
 q - a scroll of enchant armour
Potions
 c - a potion of might
 d - 2 potions of heal wounds
 e - 2 potions of lignification
 g - a potion of haste {unknown}
 i - 3 potions of curing
 l - a potion of ambrosia
 m - a potion of attraction
 r - 5 potions of flight


   Skills:
 + Level 5.6 Fighting
 + Level 5.7 Dodging
 + Level 5.6 Shields
 + Level 6.4 Unarmed Combat
 + Level 3.4 Invocations


You had 8 spell levels left.
You didn't know any spells.
Your spell library contained the following spells:

 Spells                   Type           Power      Damage    Failure   Level
 Summon Small Mammal      Summ           0%         N/A       77%         1
 Call Canine Familiar     Summ           0%         N/A       98%         3
 Summon Guardian Golem    Hex/Summ       0%         N/A       98%         3


Dungeon Overview and Level Annotations

Branches:
Dungeon (7/15)             Temple (0/1) D:5           Sewer (visited)

Altars:
Cheibriados
Kikubaaqudgha
Makhleb
Qazlal
Trog
The Shining One

Shops:
D:6 [   D:7 *

Annotations:
D:3 1 runed translucent door, Crazy Yiuf


Innate Abilities, Weirdness & Mutations

You are too large for most types of armour.
You have claws for hands.
Your natural rate of healing is unusually fast.
You are covered in fur. (AC +1)
You have tough skin. (AC +1)
You are weak. (Str -2)


Message History

The orc shouts!
You claw the orc warrior!
You kill the orc warrior!
Qazlal accepts your kill.
The orc priest invokes the aid of Beogh against you.
Beogh smites you!
You claw the orc!
You kill the orc!
Qazlal accepts your kill.
The orc complains loudly, as Orcs often do.
The orc wizard casts a spell at you.
You easily resist.
The orc priest invokes the aid of Beogh against you.
Beogh smites you!
* * * LOW HITPOINT WARNING * * *
The orc wizard barely misses you.
Items here: )) [ †.
You closely miss the orc wizard. The orc wizard casts a spell at you.
The magic dart hits you!
* * * LOW HITPOINT WARNING * * *
You mangle the orc wizard!!
You kill the orc wizard!
Qazlal accepts your kill. Something hits you.
* * * LOW HITPOINT WARNING * * *
Things that are here:
a +0 dagger; a +0 robe; an orc corpse You miss something.
The orc priest mumbles some strange prayers to Beogh against you.
Something writhes in agony.
Something hits you but does no damage.
You closely miss something. Something hits you but does no damage.
The orc priest invokes the aid of Beogh against you.
Beogh smites you!
* * * LOW HITPOINT WARNING * * *
You barely miss something. You block the orc's attack. Something hits you.
* * * LOW HITPOINT WARNING * * *
You miss something. You block something's attack.
The orc hits you with a +0 dagger.
You die...

........##...........##....
........##.#######'####....
.....o..##.# ###.# #....
.........†..# #...####....
..............####
#...........
.................#
#.........##
..............##.#
##...[......
..............##o#
#........###
....(.........##@#
#........# #
..............##{#
#........# #
.............o†oo#
#........# #
...[........o.####
##.......###
..(...........# #..........
..........>...###
##.........
.........).........
#.......♣.
...................
#.....♣.∩.
...................#
#.......♣.


You could see an orc priest and 2 orcs.

Vanquished Creatures
  Grinder (D:3)
  5 water moccasins
  3 black bears
  2 ice beasts
  An orc warrior (D:7)
  2 necrophages
  A centaur (D:6)
  A phantom (D:4)
  A bullfrog (D:7)
  2 scorpions
  A bullfrog zombie (D:5)
  2 orc priests
  6 hounds
  A jelly (D:6)
  A centaur skeleton (D:6)
  7 iguanas
  Terence (D:2)
  3 orc wizards
  A howler monkey zombie (D:7)
  2 river rats
  16 adders
  3 gnolls (D:3)
  2 white imps
  An ufetubus (D:5)
  2 adder skeletons (D:5)
  3 worms
  A dart slug (D:5)
  17 orcs
  18 ball pythons
  5 endoplasms
  8 giant cockroaches
  7 hobgoblins
  3 jackals (Sewer)
  4 kobolds
  6 quokkas
  8 bats
  7 frilled lizards
  8 goblins
  4 rats
167 creatures vanquished.

Vanquished Creatures (others)
  9 plants (D:4)
9 creatures vanquished.

Grand Total: 176 creatures vanquished

Notes
Turn   | Place    | Note
-------+----------+-------------------------------------------
     0 | D:1      | siradein the Troll Fighter began the quest for the Orb.
     0 | D:1      | Reached XP level 1. HP: 22/22 MP: 0/0
    75 | D:1      | Reached XP level 2. HP: 28/29 MP: 1/1
   157 | D:1      | Noticed a shining eye
   159 | D:1      | Found a faded altar of an unknown god.
   162 | D:1      | Noticed an eye of devastation
   167 | D:1      | Noticed a great orb of eyes
   282 | D:1      | Noticed a floating eye
   643 | D:2      | Reached XP level 3. HP: 35/36 MP: 2/2
   858 | D:2      | Noticed Terence
   875 | D:2      | Killed Terence
  1034 | D:2      | Reached XP level 4. HP: 44/44 MP: 3/3
  1242 | D:3      | Found a runed translucent door.
  1243 | D:3      | Noticed Crazy Yiuf
  1509 | D:3      | Reached skill level 3 in Unarmed Combat
  1586 | D:3      | Reached XP level 5. HP: 42/53 MP: 4/4
  1688 | D:3      | Found a burning altar of Makhleb.
  1769 | D:3      | Noticed Grinder
  1794 | D:3      | Paralysed by Grinder for 2 turns
  1836 | D:3      | Paralysed by Grinder for 2 turns
  2046 | D:3      | Paralysed by Grinder for 3 turns
  2291 | D:3      | Killed Grinder
  2292 | D:3      | Reached XP level 6. HP: 61/61 MP: 5/5
  2674 | D:4      | Reached skill level 4 in Unarmed Combat
  2732 | D:4      | Reached XP level 7. HP: 62/68 MP: 6/6
  3027 | D:4      | Found a snail-covered altar of Cheibriados.
  3028 | D:4      | Found a glowing golden altar of the Shining One.
  3028 | D:4      | Found a stormy altar of Qazlal.
  3131 | D:4      | Found an ancient bone altar of Kikubaaqudgha.
  3604 | D:4      | Found a bloodstained altar of Trog.
  3616 | D:4      | Reached XP level 8. HP: 48/79 MP: 7/7
  3707 | D:4      | Became a worshipper of Qazlal Stormbringer
  3793 | D:5      | Entered Level 5 of the Dungeon
  3810 | D:5      | Reached skill level 5 in Unarmed Combat
  3882 | D:5      | Reached skill level 1 in Invocations
  4263 | D:5      | Found a staircase to the Ecumenical Temple.
  4444 | D:5      | Reached skill level 5 in Dodging
  4562 | D:5      | Reached skill level 5 in Fighting
  4827 | D:6      | Reached skill level 5 in Shields
  4837 | D:6      | Found a glowing drain.
  4851 | D:6      | Reached * piety under Qazlal
  4859 | Sewer    | Entered a sewer
  5667 | D:6      | Reached XP level 9. HP: 77/88 MP: 9/9
  5705 | D:6      | Reached skill level 6 in Unarmed Combat
  5860 | D:6      | Found Ubbiloz's Antique Armour Boutique.
  5867 | D:6      | Bought a runed kite shield for 180 gold pieces
  5884 | D:6      | Gained mutation: You are weak. (Str -2) [potion of
                  | mutation]
  6299 | D:7      | Found Ekhloh's Assorted Antiques.
  6307 | D:7      | Bought a scroll of identify for 36 gold pieces
  6436 | D:7      | Reached ** piety under Qazlal
  6469 | D:7      | HP: 3/89 [orc priest/divine providence (12)]
  6471 | D:7      | Slain by an orc

Illustrated notes

Levels and vault maps discovered:
D:1:      tarquinn_simple_flora_water_c, layout_basic,
          hellmonk_ecumenical_altar_watching_god, minmay_misc_feat_four_crosses,
          serial_park_tiny_pond
D:2:      layout_basic, nrook_mini_vaults, uniq_terence
D:3:      layout_loops_corners, mainiacjoe_overflow_tiny_flanked, uniq_grinder,
          uniq_crazy_yiuf_cottage
D:4:      layout_basic, trog_ov_bears_minmay, nicolae_overflow_quartered_altars,
          serial_bayou, serial_bayou_pond_b, serial_bayou_pond_b,
          serial_bayou_crossing, serial_bayou_shore_a
D:5:      layout_basic, minmay_temple_entry_hall, hangedman_decor_push,
          minmay_misc_feat_columns
D:6:      layout_loops_corners, serial_shops, nicolae_square_shop,
          portal_sewer_entry_c
D:7:      layout_basic, serial_shops, nicolae_shop_trees, lightli_minifort

Skill      XL: |  1  2  3  4  5  6  7  8  9 |
---------------+----------------------------+-----
Fighting       | 3 4 5 |  5.6
Dodging        | 3 4 5 |  5.7
Shields        | 3 4 5 |  5.6
Unarmed Combat | 3 4 5 6 |  6.4
Invocations    | 2 3 |  3.4

Action                   |  1- 3 |  4- 6 |  7- 9 || total
-------------------------+-------+-------+-------++-------
Melee: Unarmed           |   102 |    80 |   351 ||   533
  Use: Scroll            |       |       |    12 ||    12
       Potion            |       |       |     1 ||     1
 Stab: Sleeping          |     1 |     1 |       ||     2
Armor: Robe              |    54 |     7 |    71 ||   132
       Skin              |       |     6 |       ||     6
Dodge: Dodged            |    50 |    25 |   123 ||   198
Block: Kite shield       |    36 |    28 |   153 ||   217

Table legend: (Time is in decaauts)
 A = Elapsed time spent in this place.
 B = Non-inter-level travel time spent in this place.
 C = Inter-level travel time spent in this place.
 D = Time resting spent in this place.
 E = Time spent auto-exploring this place.
 F = Levels seen in this place.
 G = Mean time per level.
                   A        B        C        D        E       F      G
               +--------+--------+--------+--------+--------+-----+--------+
         Total |   6719 |   6580 |    139 |    443 |   4720 |   8 |  839.9 |
       Dungeon |   5910 |   5771 |    139 |    443 |   4200 |   7 |  844.3 |
         Sewer |    808 |    808 |      0 |      0 |    520 |   1 |  808.0 |
               +--------+--------+--------+--------+--------+-----+--------+

Top non-repeatable levels by time:
     D:4: 1185 daAuts
     D:2: 1029 daAuts
     D:3: 1021 daAuts
     D:5: 941 daAuts
     D:6: 926 daAuts
   Sewer: 808 daAuts
     D:1: 595 daAuts
     D:7: 211 daAuts
